 Dungeon Crawl Stone Soup version 0.30-a0-283-gf371ce1921 (webtiles) character file.

Game seed: 6728150772575398525

1129 MrRokkomies the Covered (level 8, 0/74 HPs)
             Began as an Armataur Delver on Oct 17, 2022.
             Was a Believer of Okawaru.
             Succumbed to a scorpion's poison
             ... on level 6 of the Dungeon.
             The game lasted 00:16:20 (4883 turns).

MrRokkomies the Covered (Armataur Delver)           Turns: 4883, Time: 00:16:20

Health: 0/74       AC: 15    Str: 14 (18) XL:     8   Next: 13%
Magic:  8/8        EV: 23    Int:  6 (10) God:    Okawaru [**....]
Gold:   180        SH:  0    Dex: 12 (14) Spells: 7/7 levels left

rFire   . . .      SeeInvis .    w - +3 flail (protect)
rCold   . . .      Faith    .    (no shield)
rNeg    . . .      Spirit   .    h - +0 scale mail
rPois   .          Reflect  .    j - +1 hat
rElec   .          Harm     .    (no cloak)
rCorr   .          Roll     +    n - +1 pair of gloves
Will    .....                    (no barding)
Stlth   ++........               o - amulet of the acrobat
HPRegen 0.32/turn                u - +4 ring of protection
MPRegen 0.11/turn                (no ring)

@: lethally poisoned (0 -> -1), acrobatic
A: large, rugged brown scales 3, deformed body, armoured tail, roll, long
tongue, awkward tongue
a: Renounce Religion, Heroism


You were on level 6 of the Dungeon.
You worshipped Okawaru.
Okawaru was pleased with you.
You visited 2 branches of the dungeon, and saw 7 of its levels.

You collected 320 gold pieces.
You spent 140 gold pieces at shops.

Inventory:

Hand Weapons
 a - a -1 demon whip
 i - a +0 rapier of venom
 w - a +3 flail of protection (weapon)
Missiles
 m - 4 curare-tipped darts
 q - 24 poisoned darts (quivered)
Armour
 h - a +0 scale mail (worn)
 j - a +1 hat (worn)
 n - a +1 pair of gloves (worn)
Jewellery
 o - an amulet of the acrobat (around neck)
 u - a +4 ring of protection (left hand)
Wands
 g - a wand of digging (3)
 p - a wand of paralysis (3)
Scrolls
 c - a scroll of fog
 d - a scroll of magic mapping
 k - 4 scrolls of identify
 v - a scroll of teleportation
 x - a scroll of silence
 y - a scroll of amnesia
Potions
 l - a potion of attraction


   Skills:
 * Level 6.1 Fighting
 - Level 1.7 Maces & Flails
 * Level 7.2 Armour
 + Level 3.5 Dodging
 - Level 5.4 Stealth


You had 7 spell levels left.
You didn't know any spells.
Your spell library contained the following spells:

 Spells                   Type           Power      Damage    Failure   Level
 Freeze                   Ice            0%         1d3       87%         1
 Slow                     Hex            0%         N/A       87%         1
 Sting                    Tmut/Pois      0%         1d3       87%         1
 Ensorcelled Hibernation  Hex/Ice        0%         N/A       95%         2
 Passwall                 Tmut/Erth      0%         N/A       95%         2
 Poisonous Vapours        Pois/Air       0%         N/A       95%         2
 Confusing Touch          Hex            0%         N/A       99%         3
 Dazzling Flash           Conj/Hex       0%         N/A       99%         3
 Frozen Ramparts          Ice            0%         1d1       99%         3
 Hailstorm                Conj/Ice       0%         3d3       99%         3
 Swiftness                Air            0%         N/A       99%         3
 Vampiric Draining        Necr           0%         2d6       99%         3
 Iskenderun's Mystic Bla  Conj/Tloc      0%         2d3       100%        4
 Olgreb's Toxic Radiance  Pois           0%         N/A       100%        4
 Starburst                Conj/Fire      0%         6d3       100%        6


Dungeon Overview and Level Annotations

Branches:
Dungeon (6/15)             Temple (1/1) D:4

Altars:
Ashenzari
Cheibriados
Dithmenos
Elyvilon
Fedhas
Gozag
Hepliaklqana
Kikubaaqudgha
Okawaru
Qazlal
Sif Muna
Wu Jian
Yredelemnul
The Shining One

Shops:
D:5 *


Innate Abilities, Weirdness & Mutations

You are completely covered in rugged brown scales. (AC +3, +7% HP)
Armour fits poorly on your strangely shaped body.
You have a long armoured tail.
You roll when moving toward enemies. (Rampage)
Your long tongue fully drains potion bottles. (2x potion effects)
Your tongue gives you trouble enunciating. (1.5x scroll delay)


Message History

You assume a fearsome visage.
The gnoll bouda looks frightened!
The gnoll looks frightened! x2; The scorpion looks frightened!
You feel extremely sick.
It was a potion of cancellation.
Your magical effects are unravelling.
You feel magically purged.
You feel yourself slow down.
Your attacks no longer feel as feeble.
You feel very sick.
It was a potion of degeneration.
There was something very wrong with that liquid.
You feel weakened.
You feel dopey.
You feel clumsy.
* * * LOW HITPOINT WARNING * * *
You feel very sick.
Unknown command.
You roll towards the gnoll bouda!
* * * LOW HITPOINT WARNING * * *
You feel very sick.
You see here a +0 spear.
* * * LOW HITPOINT WARNING * * *
You feel very sick.
The gnoll is no longer moving quickly.
Things that are here:
a +0 halberd; a gnoll corpse
* * * LOW HITPOINT WARNING * * *
You feel very sick.
* * * LOW HITPOINT WARNING * * *
You feel sick.
* * * LOW HITPOINT WARNING * * *
You feel sick.
* * * LOW HITPOINT WARNING * * *
You feel sick.
* * * LOW HITPOINT WARNING * * *
You feel sick.
* * * LOW HITPOINT WARNING * * *
You feel sick.
* * * LOW HITPOINT WARNING * * *
You feel sick.
* * * LOW HITPOINT WARNING * * *
You feel sick.
You die...

... #.# #. #.# .#
#.# #. #)# ..
##)## .#
####...### .#
.......#...#####.#
######.........@.#
..^........#######
######..### #..#
#).# #.)# #.)##
#...# #### #.#.#


There were no monsters in sight!

Vanquished Creatures
  Grinder (D:3)
  Eustachio (D:5)
  A centaur (D:6)
  Blork the orc (D:4)
  3 necrophages
  2 jellies
  A hound (D:4)
  2 orc priests
  2 iguanas (D:4)
  2 orc wizards (D:4)
  5 gnolls (D:6)
  8 adders
  3 worms (D:2)
  2 dart slugs (D:1)
  10 orcs
  6 endoplasms
  5 giant cockroaches
  5 goblins
  7 hobgoblins
  A jackal (D:1)
  5 quokkas
  5 ball pythons
  4 bats
  3 frilled lizards
  5 kobolds
  7 rats
97 creatures vanquished.

Vanquished Creatures (others)
  A human (D:3)
1 creature vanquished.

Grand Total: 98 creatures vanquished

Notes
Turn   | Place    | Note
-------+----------+-------------------------------------------
     0 | D:5      | MrRokkomies the Armataur Delver began the quest for the
                  | Orb.
     0 | D:5      | Reached XP level 1. HP: 19/19 MP: 1/1
    34 | D:5      | Reached skill level 1 in Armour
    34 | D:5      | Reached XP level 2. HP: 12/26 MP: 2/2
    36 | D:5      | Noticed a necrophage
    85 | D:4      | Reached skill level 2 in Armour
    85 | D:4      | Reached XP level 3. HP: 15/33 MP: 3/3
   373 | D:4      | Reached XP level 4. HP: 34/40 MP: 4/4
   391 | D:4      | Found a staircase to the Ecumenical Temple.
   408 | D:4      | Reached skill level 3 in Armour
   583 | D:4      | Noticed Blork the orc
   642 | Temple   | Entered the Ecumenical Temple
   717 | Temple   | Became a worshipper of Warmaster Okawaru
   872 | D:2      | Reached XP level 5. HP: 49/49 MP: 5/5
  1778 | D:2      | Reached skill level 4 in Armour
  1914 | D:2      | Found a stormy altar of Qazlal.
  2650 | D:3      | Found an ancient bone altar of Kikubaaqudgha.
  2651 | D:3      | Noticed a human
  2654 | D:3      | Killed a human
  2757 | D:4      | Noticed Grinder
  2766 | D:4      | Paralysed by Grinder for 2 turns
  2778 | D:3      | Paralysed by Grinder for 4 turns
  2791 | D:3      | Killed Grinder
  2791 | D:3      | Reached * piety under Okawaru
  2792 | D:3      | Reached skill level 5 in Armour
  2792 | D:3      | Reached XP level 6. HP: 40/56 MP: 6/6
  2924 | D:4      | HP: 1/58 [iguana (9)]
  3145 | D:4      | Killed Blork the orc
  3146 | D:4      | Reached skill level 5 in Fighting
  3146 | D:4      | Reached XP level 7. HP: 55/65 MP: 7/7
  3678 | D:5      | Noticed Eustachio
  3936 | D:5      | Reached skill level 6 in Armour
  4109 | D:5      | Killed Eustachio
  4274 | D:5      | Found Tafuweam's Lightly-Used Armoury.
  4282 | D:5      | Bought a -1 demon whip for 140 gold pieces
  4531 | D:5      | Reached ** piety under Okawaru
  4696 | D:6      | Reached XP level 8. HP: 62/74 MP: 8/8
  4746 | D:6      | Reached skill level 7 in Armour
  4879 | D:6      | HP: 3/74 [poisoned by a scorpion]
  4881 | D:6      | HP: 1/74 [poisoned by a scorpion]
  4883 | D:6      | Succumbed to a scorpion's poison

Illustrated notes

Levels and vault maps discovered:
D:1:      dpeg_arrival_connections, layout_basic, minmay_three_crescents
D:2:      layout_basic, basic_altar
D:3:      layout_basic, tgw_kikubaaqudgha
D:4:      layout_loops_ring, minmay_temple_entry_large_hall, uniq_blork_the_orc,
          uniq_natasha, uniq_grinder
D:5:      layout_cave_pools, gup_sewer_entry_bowl, chequers_jeans,
          dk_noncrumbling_2, minmay_shop_damaged, hangedman_decor_riveting,
          uniq_eustachio
D:6:      layout_loops_ring, makhleb_altar_promises_db, xom_teletrap_fun,
          st_stairs_2
Temple:   nicolae_temple_god_jail

Skill      XL: |  1  2  3  4  5  6  7  8 |
---------------+-------------------------+-----
Armour         | 1 2 3 5 6 7 |  7.2
Fighting       | 3 4 5 6 |  6.1
Dodging        | 2 3 |  3.5
Maces & Flails | |  1.7
Stealth        | |  5.4

Action                   |  1- 3 |  4- 6 |  7- 9 || total
-------------------------+-------+-------+-------++-------
Melee: Mace              |    35 |    25 |       ||    60
       Tailslap          |     6 |    21 |    14 ||    41
       Flail             |       |   126 |    59 ||   185
       Punch             |       |     6 |     2 ||     8
       Bardiche          |       |    48 |    14 ||    62
       Rapier            |       |       |    45 ||    45
Throw: Dart              |       |       |     2 ||     2
Evoke: Wand              |       |       |     2 ||     2
  Use: Potion            |       |     7 |     4 ||    11
       Scroll            |       |     1 |     9 ||    10
 Stab: Sleeping          |     2 |    16 |     1 ||    19
       Paralysed         |       |       |     3 ||     3
Armor: Leather armour    |    17 |    73 |     7 ||    97
       Skin              |       |    23 |     4 ||    27
       Scale mail        |       |       |   100 ||   100
Dodge: Dodged            |     8 |   117 |   131 ||   256

Table legend: (Time is in decaauts)
 A = Elapsed time spent in this place.
 B = Non-inter-level travel time spent in this place.
 C = Inter-level travel time spent in this place.
 D = Time resting spent in this place.
 E = Time spent auto-exploring this place.
 F = Levels seen in this place.
 G = Mean time per level.
                   A        B        C        D        E       F      G
               +--------+--------+--------+--------+--------+-----+--------+
         Total |   5007 |   4769 |    238 |    909 |   2745 |   7 |  715.3 |
       Dungeon |   4915 |   4694 |    221 |    909 |   2690 |   6 |  819.2 |
        Temple |     91 |     75 |     16 |      0 |     55 |   1 |   91.0 |
               +--------+--------+--------+--------+--------+-----+--------+

Top non-repeatable levels by time:
     D:4: 1299 daAuts
     D:5: 993 daAuts
     D:3: 965 daAuts
     D:2: 737 daAuts
     D:1: 694 daAuts
     D:6: 225 daAuts
  Temple: 91 daAuts
